 Dungeon Crawl Stone Soup version 0.29.1-12-g30fa7ad0bf (webtiles) character file.

Game seed: 12771838939261791709

4 wormed the Gusty (level 1, -2/13 HPs)
             Began as a Gnoll Wanderer on Dec 27, 2022.
             Slain by a quokka (3 damage)
             ... on level 1 of the Dungeon.
             The game lasted 00:01:53 (758 turns).

wormed the Gusty (Gnoll Wanderer)                    Turns: 758, Time: 00:01:53

Health: -2/13      AC:  2    Str:  9    XL:     1   Next: 70%
Magic:  4/4        EV: 12    Int: 15    God:
Gold:   26         SH:  0    Dex:  9    Spells: 5/5 levels left

rFire   . . .      SeeInvis .   i - +0 dagger
rCold   . . .      Faith    .   (no shield)
rNeg    . . .      Spirit   .   c - +0 robe
rPois   .          Reflect  .   (no helmet)
rElec   .          Harm     .   (no cloak)
rCorr   .          Rampage  .   (no gloves)
Will    .....                   (no boots)
Stlth   +.........              (no amulet)
HPRegen 0.04/turn               (no ring)
MPRegen 0.09/turn               (no ring)

@: no status effects
A: fangs 1, strong nose, distributed training
a: no special abilities


You were on level 1 of the Dungeon.
You visited 1 branch of the dungeon, and saw 1 of its levels.

You collected 26 gold pieces.

Inventory:

Hand Weapons
 a - a +0 club
 e - a +0 mace
 i - a +0 dagger (weapon)
Armour
 c - a +0 robe (worn)
Wands
 d - a wand of flame (2) (quivered)
Scrolls
 g - a scroll of enchant armour {unknown}
 h - a scroll of vulnerability {unknown}
Potions
 b - a potion of heal wounds
 f - a potion of mutation {unknown}


   Skills:
 + Level 0.1 Fighting
 + Level 0.1 Short Blades
 + Level 0.1 Long Blades
 + Level 0.1 Axes
 + Level 0.1 Maces & Flails
 + Level 0.1 Polearms
 + Level 0.1 Staves
 + Level 0.1 Ranged Weapons
 + Level 0.1 Throwing
 + Level 0.1 Armour
 + Level 4.4 Dodging
 + Level 0.1 Stealth
 + Level 0.1 Shields
 + Level 0.1 Unarmed Combat
 + Level 2.6 Spellcasting
 + Level 0.1 Conjurations
 + Level 0.1 Hexes
 + Level 3.6 Summonings
 + Level 0.1 Necromancy
 + Level 0.1 Translocations
 + Level 0.1 Transmutations
 + Level 0.1 Fire Magic
 + Level 0.1 Ice Magic
 + Level 7.0 Air Magic
 + Level 0.1 Earth Magic
 + Level 0.1 Poison Magic
 + Level 0.2 Invocations
 + Level 2.4 Evocations


You had 5 spell levels left.
You didn't know any spells.
Your spell library contained the following spells:

 Spells                   Type           Power      Damage    Failure   Level
 Swiftness                Air            23%        N/A       3%          3
 Shock                    Conj/Air       48%        1d6       4%          1
 Summon Small Mammal      Summ           48%        N/A       4%          1
 Airstrike                Air            11%        2d(2-18)  12%         4
 Apportation              Tloc           4%         N/A       21%         1
 Necrotise                Necr           8%         1d4       21%         1
 Summon Guardian Golem    Hex/Summ       7%         N/A       28%         3


Dungeon Overview and Level Annotations

Branches:
Dungeon (1/15)

Altars:


Innate Abilities, Weirdness & Mutations

You have very sharp teeth.
Your uncanny sense of smell can sniff out nearby items.
Your experience applies equally to all skills.


Message History

The quokka moves out of view.
A hobgoblin is nearby!
A ball python comes into view.
The ball python hisses angrily.
A quokka comes into view.
There is a stone staircase leading down here.
An endoplasm comes into view.
The quokka twitches its whiskers.
You see here a book of Air.
The quokka misses you.
You closely miss the ball python. The quokka closely misses you.
The ball python bites you. The ball python misses you.
You hit the ball python.
You bite the ball python, but do no damage.
The ball python is severely wounded.
The quokka barely misses you. The ball python barely misses you.
The ball python grabs you. The ball python constricts you.
You escape the ball python's grasp.
The ball python misses you. The ball python grabs you.
The ball python constricts you.
You escape the ball python's grasp.
The quokka closely misses you.
You hit the quokka but do no damage.
The quokka bites you but does no damage.
You miss the quokka. The quokka closely misses you. The hobgoblin hits you.
You hit the quokka but do no damage. You bite the quokka, but do no damage.
The quokka bites you.
The hobgoblin hits you but does no damage.
You closely miss the quokka. The quokka barely misses you.
The quokka completely misses you.
You hit the quokka but do no damage. Your bite misses the quokka.
The quokka closely misses you.
You miss the quokka. The quokka bites you.
You barely miss the quokka. The quokka misses you.
You closely miss the quokka. The quokka bites you.
* * * LOW HITPOINT WARNING * * *
You barely miss the quokka. You bite the quokka, but do no damage.
The quokka barely misses you. x2
You miss the quokka. The quokka bites you.
* * * LOW HITPOINT WARNING * * *
You closely miss the quokka. The quokka bites you.
You die...

#....†.....##### .#
#..............###.#
#....##...####.....# #...
##.### #......# ##.###..#
###..#...##. .
#.##..####..rJ#...... ..
####....#...J..#Sg.#.##. ...
..>......:...###r###.# ....
###......#######@###.##.....
...........# #..##.........
.##.....##.#....#....#
........##...####.##.#
..#.....##..## #.##.#
....#..###..####..##.##
.#..##.. # .....###..# .!.#
##.. ###.# ##.###### ..
#..####......##


You could see an endoplasm, 2 quokkas, a hobgoblin and a ball python.

Vanquished Creatures
  A giant cockroach (D:1)
  2 goblins (D:1)
  A hobgoblin (D:1)
4 creatures vanquished.

Notes
Turn   | Place    | Note
-------+----------+-------------------------------------------
     0 | D:1      | wormed the Gnoll Wanderer began the quest for the Orb.
     0 | D:1      | wormed set off with the following items: a +0 club, a
                  | potion of heal wounds, a +0 robe, a wand of flame (6); and
                  | the following spells available to memorise: Swiftness,
                  | Shock, Summon Small Mammal, Airstrike, Summon Guardian
                  | Golem.
     0 | D:1      | Reached XP level 1. HP: 13/13 MP: 4/4
   758 | D:1      | Slain by a quokka

Illustrated notes

Levels and vault maps discovered:
D:1:      lightli_arrival_maybe_door_vault, layout_rooms

Action                   || total
-------------------------++-------
Melee: Dagger            ||    13
       Club              ||     4
       Bite              ||     3
       Mace              ||     2
Evoke: Wand              ||     4
Armor: Robe              ||     2
Dodge: Dodged            ||    14
